 Dungeon Crawl Stone Soup version 0.23.2-40-g277498a001 (webtiles) character file.

Game seed: 6107384711483895154

12519 Fanfaron the Grappler (level 11, 0/107 HPs)
             Began as a Troll Monk on Oct 15, 2019.
             Was a High Priest of Okawaru.
             Slain by a yak (16 damage)
             ... on level 1 of the Lair of Beasts.
             The game lasted 00:32:34 (9015 turns).

Fanfaron the Grappler (Troll Monk)                  Turns: 9015, Time: 00:32:35

Health: 0/107      AC:  6    Str: 21    XL:     11   Next: 63%
Magic:  14/14      EV: 17    Int:  6    God:    Okawaru [*****.]
Gold:   554        SH:  0    Dex: 15    Spells: 10/10 levels left

rFire    . . .     SeeInvis .     - Unarmed
rCold    + . .     Gourm    +   (no shield)
rNeg     + . .     Faith    .   a - +0 robe
rPois    .         Spirit   .   (helmet restricted)
rElec    .         Reflect  .   (no cloak)
rCorr    .         Harm     .   (gloves unavailable)
MR       .....                  (boots unavailable)
Stlth    +++.......             (no amulet)
HPRegen  0.67/turn              i - ring of positive energy
MPRegen  0.14/turn              C - ring of protection from cold (curse)

@: heroism
A: large, unfitting armour, claws 3, fast metabolism 3, gourmand, regeneration
1, shaggy fur 1, tough skin 3
a: Heroism, Finesse, Renounce Religion


You were on level 1 of the Lair of Beasts.
You worshipped Okawaru.
Okawaru was extremely pleased with you.
You were completely stuffed.

You visited 3 branches of the dungeon, and saw 12 of its levels.

You collected 554 gold pieces.

Inventory:

Missiles
 B - 8 javelins (quivered)
 H - 8 large rocks
Armour
 a - a +0 robe (worn)
Jewellery
 i - a ring of positive energy (left claw)
 C - a cursed ring of protection from cold (right claw)
Wands
 v - a wand of iceblast (8)
 x - a wand of acid (15)
 D - a wand of polymorph (22)
 E - a wand of digging (9)
 J - a wand of random effects (21)
Scrolls
 e - 2 scrolls of enchant armour {unknown}
 g - 2 scrolls of immolation {unknown}
 j - 5 scrolls of teleportation {unknown}
 m - a scroll of brand weapon {unknown}
 o - 14 scrolls of remove curse {unknown}
 p - a scroll of enchant weapon {unknown}
 s - a scroll of fog {unknown}
 t - 2 scrolls of amnesia {unknown}
 u - 2 scrolls of fear {unknown}
 y - a scroll of random uselessness {unknown}
 z - a scroll of blinking {unknown}
 A - 2 scrolls of magic mapping {unknown}
 I - 2 scrolls of torment {unknown}
Potions
 c - a potion of lignification {unknown}
 f - a potion of berserk rage {unknown}
 h - a potion of ambrosia {unknown}
 k - 3 potions of flight
 l - 3 potions of agility
 n - 3 potions of curing
 q - a potion of haste
 r - 2 potions of mutation
 w - a potion of resistance
 F - 2 potions of heal wounds {unknown}
 G - a potion of cancellation {unknown}
 L - a potion of might {unknown}
 N - a potion of magic {unknown}
Comestibles
 b - 16 rations
 d - 12 chunks of flesh


   Skills:
 + Level 6.9(11.9) Fighting
 + Level 4.0(9.0) Throwing
 + Level 6.9(11.9) Dodging
 - Level 1.0(6.0) Stealth
 * Level 11.3(16.3) Unarmed Combat
 + Level 5.8 Invocations
 + Level 5.4 Evocations


You had 10 spell levels left.
You didn't know any spells.
Your spell library contained the following spells:

 Spells                   Type           Power        Failure   Level  Hunger
 Lesser Beckoning         Tloc           #.........   83%         3    ####...
 Summon Ice Beast         Ice/Summ       #.......     99%         4    #####..
 Shadow Creatures         Summ           N/A          100%        6    #######
 Spellforged Servitor     Conj/Summ      #.........   100%        7    #######


Dungeon Overview and Level Annotations

Branches:
Dungeon (10/15)            Temple (1/1) D:5            Lair (1/6) D:8
    Orc: D:9-12

Altars:
Ashenzari
Cheibriados
Dithmenos
Elyvilon
Fedhas
Gozag
Hepliaklqana
Kikubaaqudgha
Makhleb
Nemelex Xobeh
Okawaru
Qazlal
Ru
Sif Muna
Trog
Uskayaw
Vehumet
Wu Jian
Xom
Yredelemnul
Zin
The Shining One


Innate Abilities, Weirdness & Mutations

You are too large for most types of armour.
You have claws for hands.
Your metabolism is lightning-fast.
You like to eat raw meat.
Your natural rate of healing is unusually fast.
You are covered in fur. (AC +1)
You have extremely tough skin. (AC +3)


Message History

You scratch the yak but do no damage.
The yak is almost dead.
The yak gores you!
* * * LOW HITPOINT WARNING * * *
You mangle the yak!!
You kill the yak!
Okawaru accepts your kill.
You claw the yak!
The yak is moderately wounded.
The yak closely misses you.
You mangle the yak!!
You kill the yak!
Okawaru accepts your kill.
Your base Throwing skill increases to level 4!
The yak gores you!
* * * LOW HITPOINT WARNING * * *
The yak misses you.
You see here a yak corpse.
You completely miss the yak. The yak gores you!
You die...

#..........#..##........
#..........#..(#.......P
#..........##.##.......#
#..........#P.........>#
#..........####P.......#
#..[.......# ##........
#..........# ........#
##.####†#### ..#.
####.Y@# #..### #....##
#.....# #....## #......
#.Y..#... #....#.##.#
#....# # #


You could see a yak.

Vanquished Creatures
  Harold (D:9)
  A two-headed ogre (D:8)
  Sonja (D:9)
  Nergalle (D:9)
  A black mamba (Lair:1)
  4 spiny frogs (Lair:1)
  A troll (D:9)
  2 hippogriffs (D:7)
  A centaur simulacrum (D:10)
  23 yaks
  A hungry ghost (D:7)
  Eustachio (D:6)
  A water moccasin (Lair:1)
  5 porcupines (D:8)
  2 ice beasts
  A sky beast (D:5)
  4 orc warriors
  A phantom (D:8)
  2 ogres
  A centaur (D:8)
  4 crocodiles (D:8)
  2 big kobolds (D:8)
  4 bullfrogs
  A wyvern zombie (D:6)
  A gnoll sergeant (D:7)
  3 scorpions
  4 wights
  A bullfrog zombie (D:7)
  A howler monkey (D:6)
  A crimson imp (D:8)
  2 centaur skeletons
  A centaur zombie (D:7)
  2 jellies
  A gnoll shaman (D:4)
  5 hounds
  6 orc priests
  3 bullfrog skeletons
  12 orc wizards
  2 iguanas (D:4)
  Natasha (thrice) (D:3)
  7 worker ants
  A hound zombie (D:8)
  2 worker ant zombies (D:9)
  8 gnolls
  6 adders
  A hound simulacrum (D:10)
  4 shadow imps
  An ufetubus (D:9)
  An ooze (D:4)
  2 adder zombies
  An adder skeleton (D:4)
  4 worms
  A dart slug (D:1)
  5 leopard geckos
  17 orcs
  4 ball pythons
  4 bats
  6 giant cockroaches
  15 goblins
  6 hobgoblins
  13 jackals
  6 quokkas
  2 frilled lizards (D:2)
  A giant cockroach zombie (D:5)
  22 kobolds
  A quokka skeleton (D:7)
  8 rats
263 creatures vanquished.

Vanquished Creatures (others)
  An orc (D:4)
  A jackal (D:4)
  5 fungi (D:8)
  6 plants (D:8)
13 creatures vanquished.

Grand Total: 276 creatures vanquished

Notes
Turn   | Place    | Note
-------+----------+-------------------------------------------
     0 | D:1      | Fanfaron the Troll Monk began the quest for the Orb.
     0 | D:1      | Reached XP level 1. HP: 22/22 MP: 0/0
    47 | D:1      | Reached XP level 2. HP: 28/29 MP: 1/1
   825 | D:2      | Reached XP level 3. HP: 36/36 MP: 2/2
   921 | D:2      | Found a bloodstained altar of Trog.
  1259 | D:2      | Found a faded altar of an unknown god.
  1316 | D:2      | Found a sparkling altar of Nemelex Xobeh.
  1427 | D:2      | Reached skill level 4 in Unarmed Combat
  1884 | D:3      | Reached XP level 4. HP: 44/44 MP: 3/3
  2015 | D:3      | Reached XP level 5. HP: 47/53 MP: 4/4
  2370 | D:3      | Noticed Natasha
  2378 | D:3      | Killed Natasha
  2378 | D:3      | Reached skill level 5 in Unarmed Combat
  2546 | D:3      | Noticed Natasha
  2561 | D:3      | Killed Natasha
  2573 | D:3      | Noticed Natasha
  2657 | D:3      | Killed Natasha
  2657 | D:3      | Reached XP level 6. HP: 57/61 MP: 5/5
  2743 | D:4      | Reached skill level 1 in Evocations
  2933 | D:4      | Reached XP level 7. HP: 43/68 MP: 5/7
  3104 | D:4      | Reached skill level 6 in Unarmed Combat
  3338 | D:5      | Entered Level 5 of the Dungeon
  3354 | D:5      | Found a staircase to the Ecumenical Temple.
  3370 | Temple   | Entered the Ecumenical Temple
  3667 | Temple   | Became a worshipper of Warmaster Okawaru
  3667 | Temple   | Reached * piety under Okawaru
  3667 | Temple   | Reached ** piety under Okawaru
  4009 | D:5      | Found a shattered altar of Ashenzari.
  4539 | D:6      | Reached XP level 8. HP: 45/78 MP: 5/8
  4568 | D:6      | Noticed Eustachio
  4577 | D:6      | Found a snail-covered altar of Cheibriados.
  4613 | D:6      | Reached skill level 7 in Unarmed Combat
  4651 | D:6      | Killed Eustachio
  4651 | D:6      | Reached skill level 1 in Invocations
  4988 | D:7      | Noticed a hippogriff
  5121 | D:7      | Noticed a hippogriff
  5132 | D:7      | Killed a hippogriff
  5321 | D:7      | Reached *** piety under Okawaru
  5344 | D:7      | Reached skill level 8 in Unarmed Combat
  5440 | D:7      | Killed a hippogriff
  5440 | D:7      | Reached skill level 5 in Dodging
  5440 | D:7      | Reached XP level 9. HP: 82/87 MP: 7/10
  5460 | D:7      | Reached skill level 5 in Fighting
  5602 | D:7      | Identified the Reference Book on the Supportive Voyage
  5994 | D:8      | Reached **** piety under Okawaru
  5994 | D:8      | Reached skill level 9 in Unarmed Combat
  6003 | D:8      | Found a staircase to the Lair.
  6019 | D:8      | Noticed a two-headed ogre
  6093 | D:8      | Found a white marble altar of Elyvilon.
  6317 | D:8      | Received a gift from Okawaru
  6397 | D:8      | Reached XP level 10. HP: 93/98 MP: 12/12
  6633 | D:8      | Reached skill level 1 in Throwing
  7427 | D:10     | Entered Level 10 of the Dungeon
  7427 | D:10     | Noticed Sonja
  7438 | D:9      | Killed Sonja
  7438 | D:9      | Received a gift from Okawaru
  7438 | D:9      | Reached skill level 10 in Unarmed Combat
  7567 | D:10     | Noticed Nergalle
  7699 | D:9      | Noticed Harold
  7708 | D:9      | Killed Harold
  7708 | D:9      | Reached ***** piety under Okawaru
  8032 | D:10     | Noticed a death yak
  8041 | D:9      | Killed Nergalle
  8041 | D:9      | Reached skill level 5 in Invocations
  8131 | D:10     | Received a gift from Okawaru
  8226 | D:8      | Killed a two-headed ogre
  8226 | D:8      | Reached XP level 11. HP: 84/107 MP: 10/13
  8267 | Lair:1   | Entered Level 1 of the Lair of Beasts
  8486 | Lair:1   | Reached skill level 5 in Evocations
  8807 | Lair:1   | Reached skill level 11 in Unarmed Combat
  9015 | Lair:1   | Slain by a yak

Skill      XL: |  1  2  3  4  5  6  7  8  9 10 11 |
---------------+----------------------------------+-----
Unarmed Combat | 4 5 6 8 9 10 11 | 11.3
Dodging        | 3 4 5 6 |  6.9
Fighting       | 3 4 5 6 |  6.9
Evocations     | 1 2 3 4 5 |  5.4
Invocations    | 2 4 5 |  5.8
Throwing       | 2 4 |  4.0
Stealth        | |  1.0

Action                   |  1- 3 |  4- 6 |  7- 9 | 10-12 || total
-------------------------+-------+-------+-------+-------++-------
Melee: Unarmed           |   107 |   101 |   368 |   250 ||   826
       Punch             |     2 |     4 |     9 |    15 ||    30
Invok: Heroism           |       |       |     8 |     8 ||    16
       Finesse           |       |       |       |     1 ||     1
  Use: Scroll            |       |       |     5 |     1 ||     6
 Stab: Sleeping          |     2 |       |     4 |     3 ||     9
  Eat: Chunk             |    21 |    11 |    35 |    25 ||    92
Armor: Robe              |    38 |    22 |    57 |    37 ||   154
Dodge: Dodged            |    56 |    54 |   173 |   151 ||   434
